 Dungeon Crawl Stone Soup version 0.31-a0-219-g8d62b2e7bb (webtiles) character file.

Game seed: 16962973258289925419

4336 benadryl the Destroyer (level 10, 0/58 HPs)
             Began as a Deep Elf Fire Elementalist on July 3, 2023.
             Was a Believer of Sif Muna.
             Slain by an orange demon (9 damage)
             ... led by Amaemon
             ... on level 8 of the Dungeon.
             The game lasted 00:19:54 (10167 turns).

benadryl the Destroyer (DEFE)                      Turns: 10167, Time: 00:19:55

Health: 0/58       AC:  5    Str:  5    XL:     10   Next: 12%
Magic:  1/19       EV: 17    Int: 25    God:    Sif Muna [**....]
Gold:   472        SH:  0    Dex: 15    Spells: 10/19 levels left

rFire   . . .        j - staff of conjuration
rCold   . . .        (no shield)
rNeg    . . .        a - +1 robe
rPois   .            (no helmet)
rElec   .            (no cloak)
rCorr   .            (no gloves)
SInv    .            A - +1 pair of boots
Will    +....        r - amulet of regeneration
Stlth   ++           f - +5 ring of evasion
HPRegen 1.09/turn    (no ring)
MPRegen 0.16/turn

%: no passive effects
@: lethally poisoned (0 -> -4)
A: no striking features
a: Renounce Religion, Channel Magic


You were on level 8 of the Dungeon.
You worshipped Sif Muna.
Sif Muna was pleased with you.
You visited 2 branches of the dungeon, and saw 9 of its levels.
You also visited: Bailey.

You collected 472 gold pieces.

Inventory:

Hand Weapons
 p - a +2 heavy whip
 z - the +4 morningstar "Ataisish" {spect, rElec rC+}
   (You found it on level 7 of the Dungeon)

   rC:        It protects you from cold.
   rElec:     It insulates you from electricity.
Missiles
 x - 2 throwing nets
Armour
 a - a +1 robe (worn)
 l - the +4 moon troll leather armour {Spirit, Regen++ MP+5}
   (You found it on level 3 of the Dungeon)

   MP:        It affects your magic capacity (+5).
   Regen:     It increases your rate of health regeneration.
 A - a +1 pair of boots (worn)
Magical Staves
 j - a staff of conjuration (weapon)
Jewellery
 f - a +5 ring of evasion (left hand)
 r - an amulet of regeneration (around neck)
Wands
 v - a wand of quicksilver (11)
 y - a wand of charming (12)
Scrolls
 b - a scroll of acquirement
 g - a scroll of vulnerability
 k - 2 scrolls of immolation
 t - a scroll of revelation
 u - 3 scrolls of amnesia
 B - a scroll of enchant armour
 C - 2 scrolls of teleportation
Potions
 c - a potion of cancellation
 d - 2 potions of heal wounds
 e - a potion of brilliance
 h - a potion of haste {unknown}
 i - 3 potions of enlightenment
 m - a potion of attraction
 n - a potion of resistance {unknown}
 o - 3 potions of might
 q - 4 potions of lignification
 s - a potion of invisibility {unknown}
 w - 4 potions of curing {@q1}
 D - a potion of degeneration {unknown}


   Skills:
 * Level 4.3 Fighting
 - Level 2.4 Dodging
 - Level 2.4 Stealth
 - Level 5.0 Spellcasting
 - Level 11.3 Conjurations
 - Level 8.8 Fire Magic
 + Level 4.0 Invocations


You had 10 spell levels left.
You knew the following spells:

 Your Spells              Type           Power      Damage    Failure   Level
a - Foxfire               Conj/Fire      100%       2x1d9     1%          1
b - Scorch                Fire           100%       2d9       1%          2
c - Fireball              Conj/Fire      35%        3d15      3%          5
d - Sandblast             Erth           12%        2d6       9%          1

Your spell library contained the following spells:

 Spells                   Type           Power      Damage    Failure   Level
 Kiss of Death            Conj/Necr      100%       2d13      1%          1
 Flame Wave               Conj/Fire      71%        2d16      1%          4
 Inner Flame              Hex/Fire       28%        N/A       4%          3
 Volatile Blastmotes      Fire/Tloc      56%        2d14      4%          3
 Apportation              Tloc           12%        N/A       9%          1
 Necrotise                Necr           24%        1d5       9%          1
 Summon Small Mammal      Summ           24%        N/A       9%          1
 Passwall                 Tmut/Erth      5%         N/A       12%         2
 Starburst                Conj/Fire      35%        6d10      21%         6
 Arcjolt                  Conj/Air       25%        1d35      22%         5
 Call Canine Familiar     Summ           6%         N/A       24%         3
 Confusing Touch          Hex            6%         N/A       24%         3
 Gell's Gravitas          Tloc           6%         N/A       24%         3
 Portal Projectile        Hex/Tloc       12%        N/A       24%         3
 Summon Guardian Golem    Hex/Summ       6%         N/A       24%         3
 Teleport Other           Tloc           6%         N/A       24%         3
 Vhi's Electric Charge    Tloc/Air       12%        N/A       24%         3
 Dispel Undead            Necr           6%         3d8       63%         4
 Leda's Liquefaction      Hex/Erth       3%         N/A       63%         4
 Olgreb's Toxic Radiance  Pois           6%         N/A       63%         4
 Plasma Beam              Fire/Air       14%        2x1d25    90%         6
 Dispersal                Tloc           3%         N/A       100%        6
 Maxwell's Capacitive Co  Air            3%         ∞         100%        8


Dungeon Overview and Level Annotations

Branches:
Dungeon (8/15)             Temple (1/1) D:4            Lair (0/5) D:8
 Bailey (visited)

Altars:
Ashenzari
Cheibriados
Dithmenos
Gozag
Hepliaklqana
Makhleb
Nemelex Xobeh
Ru
Sif Muna
Trog
Uskayaw
Vehumet
Xom
Yredelemnul
Zin
The Shining One
Lugonu

Shops:
D:4 :   D:6 *

Annotations:
D:2 1 runed translucent door, Crazy Yiuf
D:7 2 transporters, innerfire43's ghost, novice DsMo
D:8 Amaemon


Message History

Casting: Scorch (safe; 1% risk of failure)
Confirm with . or Enter, or press ? or * to list all spells.
Flames lash Amaemon.
Amaemon is burned terribly!
Amaemon is severely wounded.
Amaemon hits you with a +0 demon whip of venom.
You are poisoned.
Amaemon misses you. Amaemon tail-slaps you.
Casting: Scorch (safe; 1% risk of failure)
Confirm with . or Enter, or press ? or * to list all spells.
Flames lash Amaemon.
Amaemon is burned terribly!
Amaemon is almost dead.
You feel sick.
Amaemon hits you with a +0 demon whip of venom!
You are more poisoned.
Amaemon claws you. Amaemon barely misses you.
Casting: Scorch (safe; 1% risk of failure)
Confirm with . or Enter, or press ? or * to list all spells.
Flames lash Amaemon.
Amaemon is burned terribly!
Amaemon is almost dead.
You feel very sick.
Amaemon hits you with a +0 demon whip of venom!
You are more poisoned.
Amaemon misses you. Amaemon barely misses you.
Casting: Scorch (safe; 1% risk of failure)
Confirm with . or Enter, or press ? or * to list all spells.
You don't have enough magic to cast this spell.
You feel extremely sick.
Amaemon points at something and mumbles some strange words.
You feel very sick.
There is a stone staircase leading up here.
Aiming: Quicksilver Bolt
Press: ? - help, Shift-Dir - straight line, f/p - Amaemon
Aim: Amaemon, wielding a +0 demon whip of venom (almost dead, more vulnerable to fire, 64% to hit)
The bolt of dispelling energy misses Amaemon.
You feel very sick.
Amaemon mumbles some strange words.
You feel very sick.
Amaemon gestures wildly while chanting.
The orange demon stings you from afar!
You die...

<...........................PPP.~
...######.######.................
...# #.# #.#.........###### ...#
#.######.###.####.## ##.#
#.#..........# #.# #.##
#.#.####.########.# #..#
#.#.#......#......# ##.###
#.#.#.ss.#.#.######
#...###.#.4..#@#.#.###
#####.....#.#64..#.#...#
........#.#.######.#..(#
........#..........#...###
........#...###..........#
...######................#
...#######..###..........#
....).....>## #....>.....#
...######### #..........#


You could see Amaemon (combustible), an orange demon (curare) and 2 scorpions.

Vanquished Creatures
  An orc knight (Bailey)
  A hornet (D:8)
  A shadow (D:6)
  A steam dragon (D:7)
  4 water moccasins
  A sky beast (D:6)
  3 ice beasts
  2 black bears
  6 orc warriors
  A bullfrog (D:8)
  6 scorpions
  5 wights (D:7)
  4 killer bees (D:8)
  2 howler monkeys
  2 electric eels (D:8)
  2 hounds
  2 jellies (D:6)
  4 orc priests
  A sleepcap (D:6)
  2 gnoll boudas
  2 iguanas
  4 orc wizards
  23 gnolls
  10 adders
  2 white imps (D:6)
  2 worms
  25 orcs
  6 bats
  3 endoplasms
  6 giant cockroaches
  13 goblins
  14 hobgoblins
  7 jackals (D:1)
  2 quokkas
  4 ball pythons
  4 frilled lizards
  9 kobolds
  4 rats
191 creatures vanquished.

Vanquished Creatures (others)
  A hobgoblin (D:4)
  127 foxfires
128 creatures vanquished.

Grand Total: 319 creatures vanquished

Notes
Turn   | Place    | Note
-------+----------+-------------------------------------------
     0 | D:1      | benadryl the Deep Elf Fire Elementalist began the quest for
                  | the Orb.
     0 | D:1      | Reached XP level 1. HP: 10/10 MP: 6/6
   186 | D:1      | Reached XP level 2. HP: 15/15 MP: 3/9
   244 | D:1      | Learned a level 2 spell: Scorch
   938 | D:1      | Reached XP level 3. HP: 13/19 MP: 6/11
  1258 | D:2      | Reached skill level 5 in Spellcasting
  1550 | D:2      | Found a runed translucent door.
  1551 | D:2      | Noticed Crazy Yiuf
  1612 | D:2      | Reached skill level 2 in Conjurations
  1827 | D:2      | Reached XP level 4. HP: 24/24 MP: 5/13
  2322 | D:3      | Found a hazy altar of Hepliaklqana.
  2554 | D:3      | Found a broken altar of Ashenzari.
  2567 | D:3      | Found the +4 moon troll leather armour {Spirit, Regen++
                  | MP+5}
  2796 | D:4      | Found a hide-covered altar of Uskayaw.
  2831 | D:4      | Found Usugg's Self-Improvement Boutique.
  2972 | D:4      | Noticed a scorpion
  2979 | D:4      | Killed a scorpion
  2980 | D:4      | Reached skill level 3 in Conjurations
  2980 | D:4      | Reached XP level 5. HP: 28/28 MP: 6/14
  3193 | D:4      | Found an opulent altar of Gozag.
  3215 | D:4      | Reached skill level 4 in Conjurations
  3331 | D:4      | Found a burning altar of Makhleb.
  3424 | D:4      | Got the Teachings on the Panacea and the Mantle
  3453 | D:4      | Found a staircase to the Ecumenical Temple.
  3467 | Temple   | Entered the Ecumenical Temple
  3504 | Temple   | Became a worshipper of Sif Muna the Loreminder
  3616 | D:4      | Found a glowing golden altar of the Shining One.
  3616 | D:4      | Found a basalt altar of Yredelemnul.
  3699 | D:4      | Found a shadowy altar of Dithmenos.
  3872 | D:4      | Noticed an angel
  3910 | D:5      | Entered Level 5 of the Dungeon
  3942 | D:5      | Reached XP level 6. HP: 32/32 MP: 9/15
  3951 | D:5      | Learned a level 5 spell: Fireball
  3959 | D:5      | Reached skill level 5 in Conjurations
  3963 | D:5      | Reached skill level 5 in Fire Magic
  4567 | D:5      | Reached skill level 6 in Conjurations
  4567 | D:5      | Reached XP level 7. HP: 15/36 MP: 1/16
  4700 | D:5      | Reached * piety under Sif Muna
  5346 | D:6      | Reached skill level 7 in Conjurations
  5509 | D:6      | Found Detiz's Assorted Antiques.
  5595 | D:6      | Reached XP level 8. HP: 41/41 MP: 10/17
  5653 | D:6      | Reached skill level 8 in Conjurations
  5655 | D:6      | Learned a level 1 spell: Sandblast
  5997 | D:6      | Reached skill level 9 in Conjurations
  6598 | D:7      | Found a flagged portal.
  6616 | Bailey   | Entered a bailey
  6721 | Bailey   | Reached skill level 10 in Conjurations
  6954 | Bailey   | Reached XP level 9. HP: 38/45 MP: 7/18
  7053 | Bailey   | Reached ** piety under Sif Muna
  7252 | Bailey   | Noticed an orc knight
  7257 | Bailey   | Killed an orc knight
  7258 | Bailey   | Noticed an orc high priest
  7267 | Bailey   | Noticed a sun demon
  7267 | Bailey   | Noticed a rust devil
  7400 | Bailey   | Reached skill level 11 in Conjurations
  7591 | Bailey   | Noticed an orc knight
  7598 | Bailey   | Found an iron altar of Okawaru.
  7598 | Bailey   | Noticed a kobold demonologist
  7613 | Bailey   | Noticed an ice devil
  8010 | D:7      | Reached skill level 1 in Fighting
  8010 | D:7      | Reached skill level 1 in Invocations
  8236 | D:7      | Identified the +4 morningstar "Ataisish" {spect, rElec rC+}
  8254 | D:7      | Found a transporter.
  8260 | D:7      | Noticed innerfire43's ghost (novice DsMo)
  8267 | D:7      | Identified the +2 great mace of Goothoena {freeze, Fly rC+}
  8267 | D:7      | Noticed a two-headed ogre
  8268 | D:7      | Found a transporter.
  9713 | D:8      | Found a bloodstained altar of Trog.
  9718 | D:8      | Reached XP level 10. HP: 56/56 MP: 14/19
  9888 | D:8      | Found a radiant altar of Vehumet.
  9939 | D:8      | Found a staircase to the Lair.
 10091 | D:8      | Noticed Amaemon
 10091 | D:8      | Noticed an orange demon
 10167 | D:8      | Slain by an orange demon

Illustrated notes

Levels and vault maps discovered:
D:1:      minmay_arrival_cross, layout_basic
D:2:      layout_loops_corners, uniq_crazy_yiuf_cottage
D:3:      layout_rooms, nicolae_hepliaklqana_hazy_memory,
          mainiacjoe_overflow_brackets
D:4:      minmay_general_purpose_star, layout_basic,
          grunt_temple_overflow_holy_war,
          nicolae_dithmenos_through_a_glass_darkly, lemuel_round_altar,
          nicolae_gozag_cash_rules_everything_around_me,
          nicolae_uskayaw_murder_on_the_dancefloor,
          minmay_temple_entry_offerings, nicolae_shop_self_help
D:5:      layout_gridville
D:6:      layout_cave_pods, serial_shops, shop, hex_medium
D:7:      layout_gridville, enter_bailey_3, gammafunk_ghost_smash
D:8:      layout_basic, nicolae_vehumet_altar_sigil, trog_butcher_becter,
          lair_entry_dummy, serial_bayou, serial_bayou_shore_b,
          serial_bayou_pond_c, serial_bayou_lagoon_a, serial_bayou_shore_b,
          uniq_amaemon
Temple:   corrupted_temple

Skill      XL: |  1  2  3  4  5  6  7  8  9 10 |
---------------+-------------------------------+-----
Spellcasting   | 4 5 |  5.0
Conjurations   | 2 3 4 6 7 10 11 | 11.3
Fire Magic     | 4 5 6 8 |  8.8
Fighting       | 3 4 |  4.3
Invocations    | 3 4 |  4.0
Dodging        | |  2.4
Stealth        | |  2.4

Action                     |  1- 3 |  4- 6 |  7- 9 | 10-12 || total
---------------------------+-------+-------+-------+-------++-------
  Melee: Unarmed           |     5 |       |       |       ||     5
         Staff             |    37 |     4 |    25 |       ||    66
         Punch             |     1 |       |       |       ||     1
         Whip              |       |       |     3 |       ||     3
   Cast: Foxfire           |    18 |    23 |    32 |       ||    73
         Scorch            |    34 |    66 |   146 |    25 ||   271
         Fireball          |       |       |    11 |     2 ||    13
 Invoke: Channel Magic     |       |       |     1 |       ||     1
  Evoke: Wand              |       |       |       |     1 ||     1
    Use: Scroll            |       |    13 |     7 |     1 ||    21
         Potion            |       |       |     2 |       ||     2
   Stab: Sleeping          |     2 |       |       |       ||     2
 Armour: Robe              |    29 |     5 |    11 |     4 ||    49
  Dodge: Dodged            |    50 |    23 |    75 |    24 ||   172

Table legend: (Time is in decaauts)
 A = Elapsed time spent in this place.
 B = Non-inter-level travel time spent in this place.
 C = Inter-level travel time spent in this place.
 D = Time resting spent in this place.
 E = Time spent auto-exploring this place.
 F = Levels seen in this place.
 G = Mean time per level.
                   A        B        C        D        E       F      G
               +--------+--------+--------+--------+--------+-----+--------+
         Total |  10192 |   9939 |    253 |   2385 |   5926 |  10 | 1019.2 |
       Dungeon |   8883 |   8642 |    241 |   1615 |   5900 |   8 | 1110.4 |
        Temple |     50 |     38 |     12 |      0 |     26 |   1 |   50.0 |
        Bailey |   1258 |   1258 |      0 |    770 |      0 |   1 | 1258.0 |
               +--------+--------+--------+--------+--------+-----+--------+

Top non-repeatable levels by time:
     D:6: 1370 daAuts
     D:5: 1286 daAuts
  Bailey: 1258 daAuts
     D:7: 1203 daAuts
     D:1: 1162 daAuts
     D:8: 1156 daAuts
     D:2: 1102 daAuts
     D:4: 1064 daAuts
     D:3: 536 daAuts
  Temple: 50 daAuts
